 Dungeon Crawl Stone Soup version 0.30.0-29-ga12c61a403 (webtiles) character file.

Game seed: 2238099116384595847

895 qw the Chopper (level 8, -20/49 HPs)
             Began as a Gargoyle Fighter on June 3, 2023.
             Demolished by a komodo dragon (21 damage)
             ... on level 5 of the Dungeon.
             The game lasted 00:02:02 (4271 turns).

qw the Chopper (Gargoyle Fighter)                   Turns: 4271, Time: 00:02:03

Health: -20/49     AC: 20    Str: 22    XL:     8   Next: 6%
Magic:  8/8        EV:  8    Int:  9    God:
Gold:   286        SH:  5    Dex: 14    Spells: 7/7 levels left

rFire   . . .        Y - +0 war axe
rCold   . . .        c - +0 buckler
rNeg    + + .        i - +0 chain mail
rPois   inf          p - +2 helmet
rElec   +            (no cloak)
rCorr   .            (no gloves)
SInv    +            h - +1 pair of boots of the Gardener {-Cast rPois rN+}
Will    .....        (no amulet) Stlth
                     a - ring of Aplotwoll {rElec Will- Dex+5 SInv}
HPRegen 0.28/turn    (no ring)
MPRegen 0.11/turn

%: no spellcasting
@: about to teleport
A: sickness immunity, AC +5, negative energy resistance 1, electricity
resistance, torment resistance 1, petrification resistance
a: no special abilities


You were on level 5 of the Dungeon.
You visited 1 branch of the dungeon, and saw 5 of its levels.

You collected 286 gold pieces.


Innate Abilities, Weirdness & Mutations

You are immune to sickness and miasma.
Your stone body is resilient. (AC +5)
You are immune to poison.
You resist negative energy. (rN+)
You are resistant to electric shocks. (rElec)
You are resistant to unholy torment.
You are immune to petrification.


   Skills:
 - Level 5.0 Fighting
 + Level 7.5 Axes
 - Level 3.2 Armour
 - Level 1.1 Dodging
 - Level 3.2 Shields


You had 7 spell levels left.
You didn't know any spells.
Your spell library was empty.

Inventory:

Hand Weapons
 e - a +0 flail
 Y - a +0 war axe (weapon)
Armour
 c - a +0 buckler (worn)
 h - the +1 pair of boots of the Gardener (worn) {-Cast rPois rN+}
   (You acquired it on level 1 of the Dungeon)

   rPois:     It protects you from poison.
   rN:        It protects you from negative energy.
   -Cast:     It prevents spellcasting.
 i - a +0 chain mail (worn)
 p - a +2 helmet (worn)
Jewellery
 a - the ring of Aplotwoll (left hand) {rElec Will- Dex+5 SInv}
   (You acquired it on level 1 of the Dungeon)

   [ring of see invisible]

   Dex:       It affects your dexterity (+5).
   rElec:     It insulates you from electricity.
   SInv:      It lets you see invisible.
   Will:      It decreases your willpower.
Scrolls
 b - a scroll of summoning {unknown}
 k - a scroll of teleportation
 l - 2 scrolls of identify
 q - a scroll of enchant weapon {unknown}
Potions
 d - a potion of might
 f - a potion of cancellation {unknown}
 g - 2 potions of heal wounds {unknown}
 j - a potion of resistance {unknown}
 m - 2 potions of mutation {unknown}
 n - a potion of brilliance {unknown}
 o - a potion of attraction

Dungeon Overview and Level Annotations

Branches:
Dungeon (5/15)
 Temple: D:4-7

Altars:
Ashenzari
Nemelex Xobeh
Trog
Wu Jian
Zin

Annotations:
D:3 3 runed translucent doors, qw's ghost, amateur GrFi
D:5 Prince Ribbit


Message History

The orc priest misses you.
You barely miss the orc priest.
The orc priest is almost dead.
The orc priest hits you but does no damage.
You slash the orc priest!
You kill the orc priest!
You start waiting.
A komodo dragon comes into view.
4258 ||| Stepping ~*~*~tactically~*~*~ (stealth).
The komodo dragon hisses angrily.
Enter note:
Enter note:
Enter note:
Enter note:
Enter note:
Enter note:
Enter note:
Enter note:
Enter note:
Enter note:
Enter note:
Enter note:
Enter note:
Enter note: An orc comes into view. It is wielding a +0 hand axe.
4265 ||| Stepping ~*~*~tactically~*~*~ (stealth).
You slash the komodo dragon!
The komodo dragon is moderately wounded.
The komodo dragon bites you!
You hit the komodo dragon but do no damage.
The komodo dragon is moderately wounded.
The komodo dragon bites you!!
4270 ||| READING 2 scrolls of teleportation.
As you read the scroll of teleportation, it crumbles to dust.
You feel strangely unstable. The komodo dragon bites you!
You slash the komodo dragon!
The komodo dragon is heavily wounded.
The komodo dragon bites you. The komodo dragon bites you!!
You die...

#.....#############'#
#....................
#...!................
#....................
#....................
###.....)..............
........##.......####..
...#....##......># #..
.#.#.#@.##.......# +..
##.l###.......#
##...#.......#
.##.#.......# ##
....l....# ..o.....'
#.... .... ...


You could see a komodo dragon.

Vanquished Creatures
  Duvessa (D:5)
  2 ogres (D:5)
  A phantom (D:5)
  3 scorpions (D:5)
  Dowan (D:5)
  A hound (D:5)
  2 orc priests
  A sleepcap (D:5)
  2 orc wizards
  7 gnolls
  3 adders
  An ufetubus (D:4)
  A dart slug (D:1)
  13 orcs
  9 ball pythons
  7 endoplasms
  4 giant cockroaches
  5 goblins
  2 hobgoblins
  4 quokkas
  3 bats
  2 frilled lizards
  5 kobolds
  4 rats
84 creatures vanquished.

Notes
Turn   | Place    | Note
-------+----------+-------------------------------------------
     0 | D:1      | qw the Gargoyle Fighter began the quest for the Orb.
     0 | D:1      | Reached XP level 1. HP: 14/14 MP: 1/1
     0 | D:1      | 0 ||| qw: Version: 0.2-a-103-g5a998e5
     0 | D:1      | 0 ||| qw: Game counter: 993
     0 | D:1      | 0 ||| qw: Always use a shield: true
     0 | D:1      | 0 ||| qw: God list: Okawaru
     0 | D:1      | 0 ||| qw: Allow faded altars: false
     0 | D:1      | 0 ||| qw: Do Orc after D:15 true
     0 | D:1      | 0 ||| qw: Do second Lair branch before Depths: true
     0 | D:1      | 0 ||| qw: Lair rune preference: random
     0 | D:1      | 0 ||| qw: Plans: Normal, Zot:1-4, Slime:5, God:TSO, Crypt,
                  | Tomb, Pan, Hells, Abyss, Win
     0 | D:1      | 0 ||| PLANNING D:1-11
    81 | D:1      | Reached skill level 2 in Axes
   187 | D:1      | 187 ||| FLEEEEING.
   211 | D:1      | Reached XP level 2. HP: 19/19 MP: 2/2
  1041 | D:1      | 1041 ||| READING scroll labelled YPOJIA IFIPHUS.
  1042 | D:1      | 1042 ||| READING scroll labelled TUIWERRUX VUTZ.
  1043 | D:1      | 1043 ||| READING scroll labelled GIORIH CAATRAK.
  1044 | D:1      | 1044 ||| READING 2 scrolls labelled SYITWI BEECWUGG.
  1044 | D:1      | Identified 2 scrolls of acquirement
  1044 | D:1      | 1044 ||| ACQUIRING ring of Aplotwoll {rElec Will- Dex+5
                  | SInv}
  1044 | D:1      | Acquired the ring of Aplotwoll {rElec Will- Dex+5 SInv}
  1046 | D:1      | 1046 ||| UPGRADING to ring of Aplotwoll {rElec Will- Dex+5
                  | SInv}.
  1047 | D:1      | 1047 ||| READING scroll of acquirement.
  1047 | D:1      | 1047 ||| ACQUIRING +1 pair of boots of the Gardener {-Cast
                  | rPois rN+}
  1047 | D:1      | Acquired the +1 pair of boots of the Gardener {-Cast rPois
                  | rN+}
  1049 | D:1      | 1049 ||| UPGRADING to +1 pair of boots of the Gardener
                  | {-Cast rPois rN+}.
  1054 | D:1      | 1054 ||| READING scroll labelled SAOR ZEFFICAO.
  1129 | D:2      | Reached skill level 3 in Axes
  1170 | D:2      | Reached XP level 3. HP: 23/23 MP: 3/3
  1256 | D:2      | 1256 ||| Stepping ~*~*~tactically~*~*~ (hiding).
  1452 | D:2      | 1452 ||| Stepping ~*~*~tactically~*~*~ (stealth).
  1642 | D:2      | 1642 ||| UPGRADING to +2 helmet.
  1647 | D:2      | 1647 ||| DROPPING +6 ring of intelligence.
  1648 | D:2      | 1648 ||| READING 3 scrolls labelled ITUOMO DUXAA.
  1652 | D:2      | 1652 ||| DRINKING 2 black potions.
  1653 | D:2      | 1653 ||| DRINKING 2 bubbling purple potions.
  1654 | D:2      | 1654 ||| DROPPING potion of invisibility.
  1690 | D:3      | Found a bloodstained altar of Trog.
  1760 | D:3      | Reached XP level 4. HP: 28/28 MP: 4/4
  1769 | D:3      | 1769 ||| Stepping ~*~*~tactically~*~*~ (hiding).
  1876 | D:3      | 1876 ||| DROPPING +0 club.
  1906 | D:3      | 1906 ||| Stepping ~*~*~tactically~*~*~ (hiding).
  1919 | D:3      | 1919 ||| DRINKING potion of curing.
  1919 | D:3      | 1919 ||| (to cure confusion)
  1926 | D:3      | Reached skill level 4 in Axes
  1928 | D:3      | Reached skill level 1 in Dodging
  1928 | D:3      | Reached XP level 5. HP: 11/32 MP: 5/5
  2016 | D:3      | Found a runed translucent gate.
  2016 | D:3      | Noticed qw's ghost (amateur GrFi)
  2018 | D:3      | Found a runed translucent gate.
  2019 | D:3      | Found a runed translucent gate.
  2021 | D:3      | Identified the +11 dagger "Hydrabane" {antimagic, Str+5
                  | Dex+4}
  2021 | D:3      | Identified the +6 scale mail of the Jabberwock {+Inv Fly
                  | Str-3 Stlth+}
  2072 | D:3      | 2072 ||| Stepping ~*~*~tactically~*~*~ (stealth).
  2331 | D:3      | 2331 ||| Stepping ~*~*~tactically~*~*~ (stealth).
  2409 | D:3      | 2409 ||| DROPPING +0 whip.
  2415 | D:3      | Found an ornate altar of the Wu Jian Council.
  2506 | D:3      | 2506 ||| UPGRADING to +0 chain mail.
  2516 | D:3      | 2516 ||| DROPPING +0 scale mail.
  2517 | D:3      | 2517 ||| READING 2 scrolls labelled KOTOIHY SIMAEN.
  2518 | D:3      | 2518 ||| READING scroll labelled YKUEDA KYAMM.
  2588 | D:4      | 2588 ||| Stepping ~*~*~tactically~*~*~ (stealth).
  2589 | D:4      | 2589 ||| Stepping ~*~*~tactically~*~*~ (hiding).
  2590 | D:4      | 2590 ||| Stepping ~*~*~tactically~*~*~ (hiding).
  2594 | D:4      | 2594 ||| Stepping ~*~*~tactically~*~*~ (hiding).
  2759 | D:4      | Reached skill level 5 in Axes
  3116 | D:4      | 3116 ||| READING scroll labelled DUXUNK PALERA.
  3117 | D:4      | 3117 ||| READING scroll labelled TUFAUT CEDUSODUO.
  3118 | D:4      | 3118 ||| DRINKING 2 murky pink potions.
  3119 | D:4      | 3119 ||| DRINKING 2 purple potions.
  3120 | D:4      | 3120 ||| DROPPING potion of flight.
  3144 | D:5      | Entered Level 5 of the Dungeon
  3148 | D:5      | Found a glowing silver altar of Zin.
  3174 | D:5      | Reached XP level 6. HP: 36/38 MP: 6/6
  3234 | D:5      | Noticed Prince Ribbit
  3253 | D:5      | HP: 4/38 [Prince Ribbit (12)]
  3254 | D:5      | 3254 ||| READING 4 scrolls of teleportation.
  3254 | D:5      | HP: 1/38 [Prince Ribbit (3)]
  3418 | D:5      | Found a broken altar of Ashenzari.
  3457 | D:5      | 3457 ||| Stepping ~*~*~tactically~*~*~ (hiding).
  3518 | D:5      | Found a sparkling altar of Nemelex Xobeh.
  3580 | D:5      | Reached skill level 6 in Axes
  3598 | D:5      | Reached XP level 7. HP: 29/43 MP: 7/7
  3730 | D:5      | HP: 7/43 [Prince Ribbit (6)]
  3731 | D:5      | 3731 ||| READING 3 scrolls of teleportation.
  3863 | D:5      | Noticed Duvessa
  3863 | D:5      | Noticed Dowan
  3864 | D:5      | 3864 ||| Stepping ~*~*~tactically~*~*~ (hiding).
  3865 | D:5      | 3865 ||| Stepping ~*~*~tactically~*~*~ (hiding).
  3876 | D:5      | Killed Duvessa
  3877 | D:5      | Reached skill level 7 in Axes
  3877 | D:5      | Killed Dowan
  4088 | D:5      | Reached XP level 8. HP: 40/49 MP: 8/8
  4240 | D:5      | 4240 ||| Stepping ~*~*~tactically~*~*~ (hiding).
  4241 | D:5      | 4241 ||| Stepping ~*~*~tactically~*~*~ (hiding).
  4243 | D:5      | 4243 ||| Stepping ~*~*~tactically~*~*~ (hiding).
  4257 | D:5      | Noticed a komodo dragon
  4258 | D:5      | 4258 ||| Stepping ~*~*~tactically~*~*~ (stealth).
  4265 | D:5      | 4265 ||| Stepping ~*~*~tactically~*~*~ (stealth).
  4269 | D:5      | HP: 11/49 [komodo dragon (23)]
  4270 | D:5      | 4270 ||| READING 2 scrolls of teleportation.
  4270 | D:5      | HP: 1/49 [komodo dragon (10)]
  4271 | D:5      | Demolished by a komodo dragon

Levels and vault maps discovered:
D:1:      dpeg_arrival_rooms_with_view, layout_basic,
          chequers_serial_rivers_large_a, nrook_loot_triangle
D:2:      layout_basic
D:3:      layout_rooms, nzn_wu_jian_contemplation, old_standard_altar,
          biasface_ghost_orc_armoury
D:4:      layout_basic, grunt_decor_cap
D:5:      layout_gridville, lemuel_tele_altar, mainiacjoe_overflow_alcove_1,
          nemelex_dance_club_becter, amcnicky_altar_gilded, kennysheep_doodads,
          minmay_manual_monstrance, uniq_prince_ribbit1, uniq_duvessa

Skill      XL: |  1  2  3  4  5  6  7 |
---------------+----------------------+-----
Axes           | 2 3 4 5 6 7 |  7.5
Dodging        | 1 |  1.1
Fighting       | 4 5 |  5.0
Armour         | |  3.2
Shields        | |  3.2

Action                     |  1- 3 |  4- 6 |  7- 9 || total
---------------------------+-------+-------+-------++-------
  Melee: War axe           |   113 |   134 |    47 ||   294
    Use: Scroll            |     7 |     5 |     2 ||    14
         Potion            |     2 |     3 |       ||     5
   Stab: Invisible         |     1 |       |       ||     1
 Armour: Scale mail        |    50 |    26 |       ||    76
         Chain mail        |       |    42 |    25 ||    67
  Dodge: Dodged            |    54 |    41 |    17 ||   112
  Block: Buckler           |    22 |    32 |    10 ||    64

Table legend:
 A = Non-vault XP
 B = Vault XP
 C = Vault XP percentage of total XP
 D = Non-vault monster count
 E = Vault monster count
 F = Vault count percentage of total count
                 A         B        C        D         E       F
            +---------+---------+-------+---------+---------+-------
      Total |     921 |     358 |  28.0 |      77 |       7 |   8.3
            +---------+---------+-------+---------+---------+-------
        D:1 |      25 |       3 |  10.7 |      14 |       2 |  12.5
        D:2 |      33 |       0 |   0.0 |      13 |       0 |   0.0
        D:3 |     138 |       0 |   0.0 |      22 |       0 |   0.0
        D:4 |      74 |       0 |   0.0 |      11 |       0 |   0.0
        D:5 |     651 |     355 |  35.3 |      17 |       5 |  22.7
            +---------+---------+-------+---------+---------+-------
